 Dungeon Crawl Stone Soup version 0.30.1-8-g117510f58f (webtiles) character file.

Game seed: 123983585466663973

718 growler the Gusty (level 7, -2/36 HPs)
             Began as a Tengu Air Elementalist on Sept 23, 2023.
             Killed by divine providence
             ... invoked by an orc priest
              (10 damage)
             ... on level 5 of the Dungeon.
             The game lasted 00:06:12 (3796 turns).

growler the Gusty (Tengu Air Elementalist)          Turns: 3796, Time: 00:06:14

Health: -2/36      AC:  8    Str:  8    XL:     7   Next: 70%
Magic:  6/15       EV: 15    Int: 18    God:
Gold:   192        SH:  0    Dex: 20    Spells: 5/15 levels left

rFire   . . .        w - +1 dagger (speed)
rCold   . . .        (no shield)
rNeg    . . .        a - +0 robe
rPois   .            (helmet restricted)
rElec   .            n - +1 cloak
rCorr   .            (no gloves)
SInv    .            (boots unavailable)
Will    .....        (no amulet)
Stlth   ++           l - +6 ring of dexterity
HPRegen 0.26/turn    y - +4 ring of protection
MPRegen 0.14/turn

%: no passive effects
@: flying quickly and evasively, quick
A: beak, talons 3, nimble flight
a: no special abilities


You were on level 5 of the Dungeon.
You visited 1 branch of the dungeon, and saw 5 of its levels.

You collected 192 gold pieces.

Inventory:

Hand Weapons
 w - a +1 dagger of speed (weapon)
 x - a +3 dagger
Armour
 a - a +0 robe (worn)
 n - a +1 cloak (worn)
Jewellery
 i - a ring of protection from fire
 l - a +6 ring of dexterity (left hand)
 y - a +4 ring of protection (right hand)
Wands
 C - a wand of flame (23)
Scrolls
 d - a scroll of teleportation {unknown}
 f - a scroll of amnesia
 j - a scroll of enchant weapon {unknown}
 k - 2 scrolls of fear {unknown}
 o - a scroll of blinking {unknown}
 r - a scroll of summoning {unknown}
 s - 2 scrolls of fog
 v - a scroll of noise {unknown}
 z - a scroll of poison {unknown}
 A - a scroll of enchant armour {unknown}
 B - a scroll of vulnerability {unknown}
Potions
 b - a potion of magic
 e - 2 potions of haste {unknown}
 g - a potion of mutation
 h - a potion of curing {unknown}
 m - 4 potions of attraction {unknown}
 p - 2 potions of lignification {unknown}
 q - a potion of berserk rage
 t - 2 potions of brilliance {unknown}
 u - a potion of ambrosia {unknown}


   Skills:
 - Level 2.1 Dodging
 - Level 2.0 Stealth
 + Level 4.8 Spellcasting
 - Level 6.0 Conjurations
 + Level 7.5 Air Magic


You had 5 spell levels left.
You knew the following spells:

 Your Spells              Type           Power      Damage    Failure   Level
a - Shock                 Conj/Air       100%       1d9       1%          1
b - Static Discharge      Conj/Air       56%        2-5/arc   1%          2
c - Swiftness             Air            31%        N/A       1%          3
d - Airstrike             Air            15%        2d(3-19)  6%          4

Your spell library contained the following spells:

 Spells                   Type           Power      Damage    Failure   Level
 Animate Dead             Necr           4%         N/A       80%         4
 Haunt                    Necr/Summ      2%         N/A       100%        7
 Infestation              Necr           2%         N/A       100%        8


Dungeon Overview and Level Annotations

Branches:
Dungeon (5/15)
 Temple: D:4-7

Altars:
Cheibriados
Dithmenos
Trog


Innate Abilities, Weirdness & Mutations

You have a beak for a mouth.
You have claws for feet.
Your magical nature lets you fly swiftly and evasively.


Message History

An orc wizard comes into view. It is wielding a +0 dagger.
The zap hits the orc wizard.
The orc wizard is lightly wounded.
An orc comes into view. It is wielding a +0 trident.
The zap hits the orc wizard.
The orc wizard is heavily wounded.
The orc shouts!
You hear a shout!
The zap hits the orc wizard!
The orc wizard is almost dead.
An orc priest comes into view. It is wielding a +0 club.
The zap misses the orc wizard.
The zap hits the orc!
You kill the orc!
The zap hits the orc wizard.
You kill the orc wizard!
The orc priest mumbles some strange prayers to Beogh against you.
Beogh smites you!
Unknown command.
The zap hits the orc priest.
The orc priest is heavily wounded.
The zap hits the orc priest.
The orc priest is severely wounded.
The zap misses the orc priest.
The zap hits the orc priest.
The orc priest is severely wounded.
The orc priest invokes the aid of Beogh against you.
Beogh smites you!
* * * LOW HITPOINT WARNING * * *
Unknown command.
You are too injured to fight recklessly!
Unknown command.
Sorry, you're not good enough to have a special ability.
Casting: Shock (safe; 1% risk of failure)
Confirm with . or Enter, or press ? or * to list all spells.
Aiming: Shock (safe; 1% risk of failure)
Press: ? - help, Shift-Dir - straight line, f/p - orc priest
Aim: an orc priest, wielding a +0 club (severely wounded, 74% to hit)
The zap misses the orc priest.
The orc priest calls down the wrath of Beogh upon you.
Beogh smites you!
You die...

#.. # +# #..
.. ..#># #+##
... .#.# ...#
.... .o. ...#
.....##.##...#
.........+...#
#@.#...#
##..### ##...#
###.# #.# #.##
#..####
##....#### ###
####....# #..


You could see an orc priest.

Vanquished Creatures
  Duvessa (D:4)
  2 ogres
  A phantom (D:4)
  A scorpion (D:4)
  Dowan (D:4)
  2 hounds (D:5)
  2 iguanas (D:4)
  3 orc wizards (D:5)
  An adder (D:2)
  2 dart slugs
  10 orcs
  3 bats
  6 endoplasms
  A giant cockroach (D:4)
  7 goblins
  5 hobgoblins
  4 quokkas
  6 ball pythons
  A frilled lizard (D:1)
  7 kobolds
  4 rats (D:1)
70 creatures vanquished.

Notes
Turn   | Place    | Note
-------+----------+-------------------------------------------
     0 | D:1      | growler the Tengu Air Elementalist began the quest for the
                  | Orb.
     0 | D:1      | Reached XP level 1. HP: 10/10 MP: 4/4
   308 | D:1      | Reached XP level 2. HP: 15/15 MP: 4/6
   311 | D:1      | Learned a level 2 spell: Static Discharge
  1236 | D:2      | Reached XP level 3. HP: 15/19 MP: 0/7
  1242 | D:2      | Learned a level 3 spell: Swiftness
  1471 | D:2      | Found a snail-covered altar of Cheibriados.
  2493 | D:4      | Noticed a scorpion
  2500 | D:4      | Killed a scorpion
  2501 | D:4      | Reached skill level 5 in Air Magic
  2501 | D:4      | Reached XP level 4. HP: 22/24 MP: 0/9
  2743 | D:4      | Noticed an ogre
  2765 | D:4      | Killed an ogre
  2766 | D:4      | Gained mutation: Your magical nature lets you fly swiftly
                  | and evasively. [Tengu growth]
  2766 | D:4      | Reached XP level 5. HP: 28/28 MP: 3/11
  2771 | D:4      | Learned a level 4 spell: Airstrike
  2949 | D:4      | Noticed a phantom
  2970 | D:4      | Killed a phantom
  2971 | D:4      | Reached skill level 6 in Air Magic
  2971 | D:4      | Reached XP level 6. HP: 25/32 MP: 12/12
  3225 | D:4      | Found a shadowy altar of Dithmenos.
  3225 | D:4      | Found a bloodstained altar of Trog.
  3237 | D:4      | Noticed Duvessa
  3239 | D:4      | Noticed Dowan
  3247 | D:4      | Killed Duvessa
  3248 | D:4      | Reached skill level 5 in Conjurations
  3248 | D:4      | Reached XP level 7. HP: 17/36 MP: 2/14
  3248 | D:4      | Killed Dowan
  3434 | D:5      | Entered Level 5 of the Dungeon
  3465 | D:5      | Reached skill level 7 in Air Magic
  3796 | D:5      | Killed from afar by an orc priest

Illustrated notes

Levels and vault maps discovered:
D:1:      minmay_arrival_doors, layout_basic, st_stairs_7,
          minmay_misc_feat_plants, minmay_pentomino_u2
D:2:      layout_basic, basic_altar, minmay_misc_feat_nine_boxes,
          minmay_misc_feat_rows
D:3:      layout_rooms, eino_tiny_chamber
D:4:      layout_basic, gammafunk_temple_overflow_wave,
          amcnicky_mini_rare_corridor_liquid, kennysheep_generic_room_14,
          uniq_duvessa
D:5:      layout_basic

Skill      XL: |  1  2  3  4  5  6  7 |
---------------+----------------------+-----
Conjurations   | 2 3 4 5 6 |  6.0
Spellcasting   | 3 4 |  4.8
Air Magic      | 5 6 7 |  7.5
Dodging        | |  2.1
Stealth        | |  2.0

Action                     |  1- 3 |  4- 6 |  7- 9 || total
---------------------------+-------+-------+-------++-------
  Melee: Unarmed           |     8 |       |       ||     8
         Kick              |     6 |     7 |    10 ||    23
         Dagger            |     5 |    23 |    29 ||    57
         Peck              |     2 |     1 |     2 ||     5
   Cast: Shock             |    72 |    35 |    21 ||   128
         Static Discharge  |     3 |     6 |     7 ||    16
    Use: Scroll            |       |       |     4 ||     4
   Stab: Sleeping          |     1 |     1 |       ||     2
 Armour: Robe              |    10 |     7 |     6 ||    23
  Dodge: Dodged            |     9 |    12 |    23 ||    44
